MID
PEORIA CHIEFS @ WISCONSIN TIMBER RATTLERS
06/16/2048
 
TOP OF THE 1ST
Peoria Chiefs batting - Pitching for Wisconsin Timber Rattlers : RHP Josh Pelletier
Pitching: RHP Josh Pelletier
Batting: LHB Tsutomu Miyahara 0-0: Ball
1-0: Foul Ball, location: 2F
1-1: Ball
2-1: Fly out, F7 (Flyball, 7S, EV 95.0 MPH)
Batting: RHB Tommy Tracy 0-0: Called Strike
0-1: Fly out, F9 (Flyball, 9LM, EV 80.6 MPH)
Batting: SHB Gerardo Macias 0-0: Ball
1-0: Called Strike
1-1: Foul Ball, location: 2F
1-2: Foul Ball, location: 2F
1-2: Foul Ball, location: 2F
1-2: Ball
2-2: Ball
3-2: Ground out 6-3 (Groundball, 4MS, EV 93.1 MPH)
Top of the 1st over - 0 runs, 0 hits, 0 errors, 0 left on base; Peoria 0 - Wisconsin 0
BOTTOM OF THE 1ST
Wisconsin Timber Rattlers batting - Pitching for Peoria Chiefs : RHP Jose Rico
Pitching: RHP Jose Rico
Batting: SHB Sam Bingham 0-0: Called Strike
0-1: Foul Ball, location: 2F
0-2: Strikes out swinging
Batting: SHB Craig Wright 0-0: Swinging Strike
0-1: Ball
1-1: Foul Ball, location: 2F
1-2: Foul Ball, location: 2F
1-2: Strikes out swinging
Batting: LHB Karel Hort 0-0: Ball
1-0: Ball
2-0: Ball
3-0: Base on Balls
Batting: SHB Jerry Duffy 0-0: Called Strike
0-1: Fly out, F7 (Flyball, 7, EV 91.2 MPH)
Bottom of the 1st over - 0 runs, 0 hits, 0 errors, 1 left on base; Peoria 0 - Wisconsin 0
TOP OF THE 2ND
Peoria Chiefs batting - Pitching for Wisconsin Timber Rattlers : RHP Josh Pelletier
Batting: LHB Dana McDonald 0-0: Swinging Strike
0-1: Ground out 3-1 (Groundball, 34, EV 102.5 MPH)
Batting: RHB Kalidas Mishra 0-0: Called Strike
0-1: Ball
1-1: Foul Ball, location: 2F
1-2: Ball
2-2: SINGLE (Line Drive, 9S, EV 103.8 MPH)
Batting: RHB Jonathan Davis 0-0: Called Strike
0-1: Called Strike
Kalidas Mishra steals 2nd base
0-2: Ground out 5-3 (Groundball, 5, EV 104.4 MPH)
Batting: RHB Josh Broome 0-0: Called Strike
0-1: Swinging Strike
0-2: Ball
1-2: Ball
2-2: Strikes out swinging
Top of the 2nd over - 0 runs, 1 hit, 0 errors, 1 left on base; Peoria 0 - Wisconsin 0
BOTTOM OF THE 2ND
Wisconsin Timber Rattlers batting - Pitching for Peoria Chiefs : RHP Jose Rico
Batting: RHB Alfredo Sena 0-0: Ball
1-0: Foul Ball, location: 2F
1-1: Ball
2-1: Ball
3-1: Foul Ball, location: 2F
3-2: Strikes out swinging
Batting: SHB C.J. Olivares 0-0: Ball
1-0: Foul Ball, location: 2F
1-1: Ground out 4-3 (Groundball, 4, EV 85.0 MPH)
Batting: RHB Victor Alarcon 0-0: Ball
1-0: Called Strike
1-1: DOUBLE (Line Drive, 7LD, EV 108.8 MPH)
Batting: RHB Juan Villanueva 0-0: Ball
1-0: Called Strike
1-1: Foul Ball, location: 2F
1-2: Foul Ball, location: 2F
1-2: SINGLE (Groundball, 4MD, EV 93.8 MPH)
Victor Alarcon to third
Runner from 3rd tries for Home, SAFE, throw by CF to home
Juan Villanueva to second
Batting: RHB Chris Riddel 0-0: Ground out 4-3 (Groundball, 4, EV 100.0 MPH)
Bottom of the 2nd over - 1 run, 2 hits, 0 errors, 1 left on base; Peoria 0 - Wisconsin 1
TOP OF THE 3RD
Peoria Chiefs batting - Pitching for Wisconsin Timber Rattlers : RHP Josh Pelletier
Batting: RHB Edgar Landim 0-0: Ball
1-0: Fly out, F7 (Line Drive, 7LS, EV 111.9 MPH)
Batting: SHB Hank Arias 0-0: Ball
1-0: Ground out U3 (Groundball, 13, EV 84.4 MPH)
Batting: LHB Tsutomu Miyahara 0-0: Ball
1-0: Hit by Pitch
Batting: RHB Tommy Tracy 0-0: Ball
1-0: Called Strike
Tsutomu Miyahara is caught stealing 2nd base 2-4
Top of the 3rd over - 0 runs, 0 hits, 0 errors, 0 left on base; Peoria 0 - Wisconsin 1
BOTTOM OF THE 3RD
Wisconsin Timber Rattlers batting - Pitching for Peoria Chiefs : RHP Jose Rico
Batting: SHB Sam Bingham 0-0: Swinging Strike
0-1: Foul Ball, location: 2F
0-2: Strikes out swinging
Batting: SHB Craig Wright 0-0: Called Strike
0-1: Ball
1-1: Ball
2-1: Called Strike
2-2: Foul Ball, location: 2F
2-2: Foul Ball, location: 2F
2-2: Fly out, F4 (Flyball, 34D, EV 87.5 MPH)
Batting: LHB Karel Hort 0-0: Ball
1-0: Foul Ball, location: 2F
1-1: Ball
2-1: SINGLE (Groundball, 4MD, EV 102.5 MPH)
Batting: SHB Jerry Duffy 0-0: Ball
1-0: Called Strike
1-1: Foul Ball, location: 2F
1-2: Ball
2-2: Strikes out swinging
Bottom of the 3rd over - 0 runs, 1 hit, 0 errors, 1 left on base; Peoria 0 - Wisconsin 1
TOP OF THE 4TH
Peoria Chiefs batting - Pitching for Wisconsin Timber Rattlers : RHP Josh Pelletier
Batting: RHB Tommy Tracy 0-0: Ball
1-0: SINGLE (Groundball, 6MS, EV 64.4 MPH) (infield hit)
Batting: SHB Gerardo Macias 0-0: Ball
1-0: Swinging Strike
1-1: Ball
2-1: SINGLE (Line Drive, 4MD, EV 96.2 MPH)
Tommy Tracy to second
Batting: LHB Dana McDonald 0-0: Foul Ball, location: 2F
0-1: Called Strike
0-2: Ball
1-2: Strikes out swinging
Batting: RHB Kalidas Mishra 0-0: Ball
1-0: Fielders Choice at 2nd, 5-4 (Groundball, 25, EV 94.4 MPH)
Tommy Tracy to third
Batting: RHB Jonathan Davis 0-0: Ground out 4-3 (Groundball, 4, EV 101.9 MPH)
Top of the 4th over - 0 runs, 2 hits, 0 errors, 2 left on base; Peoria 0 - Wisconsin 1
BOTTOM OF THE 4TH
Wisconsin Timber Rattlers batting - Pitching for Peoria Chiefs : RHP Jose Rico
Batting: RHB Alfredo Sena 0-0: Ball
1-0: Swinging Strike
1-1: SINGLE (Line Drive, 4M, EV 96.2 MPH)
Batting: SHB C.J. Olivares 0-0: Ball
1-0: Ball
2-0: DOUBLE (Line Drive, 7LM, EV 111.2 MPH)
Alfredo Sena to third
Batting: RHB Victor Alarcon 0-0: Foul Ball, location: 2F
0-1: Ground out 6-3 (Groundball, 6, EV 96.2 MPH)
Alfredo Sena scores
Batting: RHB Juan Villanueva 0-0: Ball
1-0: Foul Ball, location: 2F
1-1: Called Strike
1-2: Foul Ball, location: 2F
1-2: Ball
2-2: Ground out 5-3 (Groundball, 56S, EV 82.5 MPH)
Batting: RHB Chris Riddel 0-0: Ball
1-0: Swinging Strike
1-1: Called Strike
1-2: Ball
2-2: Strikes out looking
Bottom of the 4th over - 1 run, 2 hits, 0 errors, 1 left on base; Peoria 0 - Wisconsin 2
TOP OF THE 5TH
Peoria Chiefs batting - Pitching for Wisconsin Timber Rattlers : RHP Josh Pelletier
Batting: RHB Josh Broome 0-0: Ball
1-0: Called Strike
1-1: SINGLE (Groundball, 34D, EV 103.8 MPH)
Batting: RHB Edgar Landim 0-0: Foul Ball, location: 2F
0-1: Called Strike
0-2: Foul Ball, location: 2F
0-2: Ball
1-2: Ball
2-2: Ball
3-2: Grounds into double play, 5-4-3 (Groundball, 56, EV 90.0 MPH)
Batting: SHB Hank Arias 0-0: Foul Ball, location: 2F
0-1: Ball
1-1: SINGLE (Groundball, 25, EV 74.4 MPH) (infield hit)
Batting: LHB Tsutomu Miyahara 0-0: Ball
Hank Arias steals 2nd base
1-0: Ball
2-0: Ball
3-0: Base on Balls
Batting: RHB Tommy Tracy 0-0: Called Strike
0-1: Foul Ball, location: 2F
0-2: Ball
1-2: Strikes out swinging
Top of the 5th over - 0 runs, 2 hits, 0 errors, 2 left on base; Peoria 0 - Wisconsin 2
BOTTOM OF THE 5TH
Wisconsin Timber Rattlers batting - Pitching for Peoria Chiefs : RHP Jose Rico
Batting: SHB Sam Bingham 0-0: Called Strike
0-1: Ball
1-1: Ground out 3-1 (Groundball, 34S, EV 93.1 MPH)
Batting: SHB Craig Wright 0-0: Ball
1-0: Fly out, F7 (Flyball, 7LM, EV 85.0 MPH)
Batting: LHB Karel Hort 0-0: Foul Ball, location: 2F
0-1: Swinging Strike
0-2: Strikes out looking
Bottom of the 5th over - 0 runs, 0 hits, 0 errors, 0 left on base; Peoria 0 - Wisconsin 2
TOP OF THE 6TH
Peoria Chiefs batting - Pitching for Wisconsin Timber Rattlers : RHP Josh Pelletier
Batting: SHB Gerardo Macias 0-0: Called Strike
0-1: Ball
1-1: Ball
2-1: Called Strike
2-2: Foul Ball, location: 2F
2-2: Ball
3-2: Foul Ball, location: 2F
3-2: Foul Ball, location: 2F
3-2: Foul Ball, location: 2F
3-2: DOUBLE (Line Drive, 9LM, EV 111.9 MPH)
Batting: LHB Dana McDonald 0-0: Called Strike
0-1: Ball
1-1: Ball
2-1: Called Strike
2-2: Foul Ball, location: 2F
2-2: Foul Ball, location: 2F
2-2: Ball
3-2: Foul Ball, location: 2F
3-2: Strikes out looking
Batting: RHB Kalidas Mishra 0-0: Foul Ball, location: 2F
0-1: Foul Ball, location: 2F
0-2: Ball
1-2: Ball
2-2: SINGLE (Groundball, 4D, EV 101.9 MPH)
Gerardo Macias to third
Runner from 3rd tries for Home, SAFE, throw by CF to home
Kalidas Mishra to second
Batting: RHB Jonathan Davis 0-0: Ground out 4-3 (Groundball, 4S, EV 62.5 MPH)
Kalidas Mishra to third
Batting: RHB Josh Broome 0-0: Ball
1-0: Ball
2-0: Called Strike
2-1: Foul Ball, location: 2F
2-2: Foul Ball, location: 2F
2-2: Foul Ball, location: 2F
2-2: Fly out, F9 (Flyball, 9D, EV 106.9 MPH)
Top of the 6th over - 1 run, 2 hits, 0 errors, 1 left on base; Peoria 1 - Wisconsin 2
BOTTOM OF THE 6TH
Wisconsin Timber Rattlers batting - Pitching for Peoria Chiefs : RHP Jose Rico
Batting: SHB Jerry Duffy 0-0: Swinging Strike
0-1: Swinging Strike
0-2: Ball
1-2: Strikes out swinging
Batting: RHB Alfredo Sena 0-0: Ball
1-0: Called Strike
1-1: Foul Ball, location: 2F
1-2: Foul Ball, location: 2F
1-2: Strikes out swinging
Batting: SHB C.J. Olivares 0-0: Called Strike
0-1: Ball
1-1: Ground out 5-3 (Groundball, 5, EV 83.1 MPH)
Bottom of the 6th over - 0 runs, 0 hits, 0 errors, 0 left on base; Peoria 1 - Wisconsin 2
TOP OF THE 7TH
Peoria Chiefs batting - Pitching for Wisconsin Timber Rattlers : RHP Josh Pelletier
Batting: RHB Edgar Landim 0-0: Foul Ball, location: 2F
0-1: Ball
1-1: Foul Ball, location: 2F
1-2: SINGLE (Line Drive, 7, EV 96.2 MPH)
Pitching: RHP Jon Warren
Batting: SHB Hank Arias 0-0: Ball
1-0: Bunted foul
1-1: Bunted foul
1-2: Strikes out swinging
Batting: LHB Tsutomu Miyahara 0-0: Ball
1-0: Ball
2-0: Foul Ball, location: 2F
2-1: Swinging Strike
2-2: SINGLE (Line Drive, 89M, EV 101.9 MPH)
Edgar Landim to second
Batting: RHB Tommy Tracy 0-0: Ball
1-0: Ball
2-0: Called Strike
2-1: Ball
3-1: Base on Balls
Edgar Landim to third
Tsutomu Miyahara to second
Batting: SHB Gerardo Macias 0-0: Foul Ball, location: 2F
0-1: SINGLE (Flyball, 56D, EV 98.8 MPH)
Edgar Landim scores
Tsutomu Miyahara to third
Tommy Tracy to second
Runner from 3rd tries for Home, SAFE, throw by LF to home
Batting: LHB Dana McDonald 0-0: Ball
1-0: Called Strike
1-1: Ball
2-1: Called Strike
2-2: Strikes out looking
Batting: RHB Kalidas Mishra 0-0: Ball
1-0: Ball
2-0: Foul Ball, location: 2F
2-1: Ball
3-1: Base on Balls
Tommy Tracy to third
Gerardo Macias to second
Batting: RHB Jonathan Davis 0-0: Ball
1-0: Fly out, F8 (Line Drive, 78M, EV 88.8 MPH)
Top of the 7th over - 2 runs, 3 hits, 0 errors, 3 left on base; Peoria 3 - Wisconsin 2
BOTTOM OF THE 7TH
Wisconsin Timber Rattlers batting - Pitching for Peoria Chiefs : RHP Jose Rico
Batting: RHB Victor Alarcon 0-0: Ball
1-0: Ground out 6-3 (Groundball, 6, EV 78.1 MPH)
Batting: RHB Juan Villanueva 0-0: Fly out, F4 (Line Drive, 4MD, EV 73.8 MPH)
Batting: RHB Chris Riddel 0-0: Ball
1-0: Ball
2-0: Ball
3-0: Called Strike
3-1: Ground out 4-3 (Groundball, 34, EV 86.2 MPH)
Bottom of the 7th over - 0 runs, 0 hits, 0 errors, 0 left on base; Peoria 3 - Wisconsin 2
TOP OF THE 8TH
Peoria Chiefs batting - Pitching for Wisconsin Timber Rattlers : RHP Jon Warren
Pitching: RHP Marquis Williams
Batting: RHB Josh Broome 0-0: Ball
1-0: Foul Ball, location: 2F
1-1: Swinging Strike
1-2: Foul Ball, location: 2F
1-2: Ball
2-2: Fly out, F8 (Flyball, 8RM, EV 89.4 MPH)
Batting: RHB Edgar Landim 0-0: Foul Ball, location: 2F
0-1: Ball
1-1: Ball
2-1: Foul Ball, location: 2F
2-2: SINGLE (Groundball, 4MD, EV 103.1 MPH)
Batting: SHB Hank Arias 0-0: Called Strike
0-1: Called Strike
0-2: Foul Ball, location: 2F
0-2: Foul Ball, location: 2F
0-2: Ball
1-2: Strikes out swinging
Batting: LHB Tsutomu Miyahara 0-0: SINGLE (Flyball, 78S, EV 96.2 MPH)
Edgar Landim to second
Batting: RHB Tommy Tracy 0-0: Ball
1-0: Foul Ball, location: 2F
1-1: Foul Ball, location: 2F
1-2: Ball
2-2: Ball
3-2: Ground out 5-3 (Groundball, 56, EV 86.2 MPH)
Top of the 8th over - 0 runs, 2 hits, 0 errors, 2 left on base; Peoria 3 - Wisconsin 2
BOTTOM OF THE 8TH
Wisconsin Timber Rattlers batting - Pitching for Peoria Chiefs : RHP Jose Rico
Pitching: RHP Nick Butler
Batting: SHB Sam Bingham 0-0: Foul Ball, location: 2F
0-1: Foul Ball, location: 2F
0-2: Ball
1-2: Ground out U3 (Groundball, 3, EV 95.0 MPH)
Batting: SHB Craig Wright 0-0: Ground out 6-3 (Groundball, 56, EV 103.8 MPH)
Batting: LHB Karel Hort 0-0: Ball
1-0: Ball
2-0: Ground out 4-3 (Groundball, 4M, EV 78.1 MPH)
Bottom of the 8th over - 0 runs, 0 hits, 0 errors, 0 left on base; Peoria 3 - Wisconsin 2
TOP OF THE 9TH
Peoria Chiefs batting - Pitching for Wisconsin Timber Rattlers : RHP Marquis Williams
Pitching: RHP Alberto Cordovi
Batting: SHB Gerardo Macias 0-0: Called Strike
0-1: Ball
1-1: Ball
2-1: Swinging Strike
2-2: Strikes out looking
Batting: LHB Dana McDonald 0-0: Ball
1-0: Ball
2-0: Ball
3-0: Base on Balls
Batting: RHB Kalidas Mishra 0-0: Called Strike
0-1: Called Strike
0-2: Strikes out looking
Batting: RHB Jonathan Davis 0-0: Ball
Dana McDonald steals 2nd base
1-0: Foul Ball, location: 2F
1-1: DOUBLE (Line Drive, 7LM, EV 101.9 MPH)
Dana McDonald scores
Batting: RHB Josh Broome 0-0: Ball
1-0: SINGLE (Line Drive, 7S, EV 91.9 MPH)
Jonathan Davis to third
Runner from 3rd tries for Home, SAFE, throw by LF to home
Batting: RHB Edgar Landim 0-0: Foul Ball, location: 2F
0-1: Ball
1-1: SINGLE (Groundball, 6MD, EV 98.1 MPH)
Josh Broome to second
Runner from 2nd tries for 3rd, SAFE, throw by CF made to third
Batting: SHB Hank Arias 0-0: Ball
1-0: Ball
2-0: Called Strike
2-1: Foul Ball, location: 2F
2-2: Foul Ball, location: 2F
2-2: Strikes out swinging
Top of the 9th over - 2 runs, 3 hits, 0 errors, 2 left on base; Peoria 5 - Wisconsin 2
BOTTOM OF THE 9TH
Wisconsin Timber Rattlers batting - Pitching for Peoria Chiefs : RHP Nick Butler
Pitching: RHP Ben Cook
Batting: SHB Jerry Duffy 0-0: Ball
1-0: Swinging Strike
1-1: SINGLE (Line Drive, 9S, EV 107.5 MPH)
Batting: RHB Alfredo Sena 0-0: Fly out, F8 (Flyball, 8LD, EV 95.0 MPH)
Batting: SHB C.J. Olivares 0-0: Ball
1-0: Ball
2-0: Fly out, F9 (Flyball, 9D, EV 98.1 MPH)
Batting: RHB Victor Alarcon 0-0: Ball
1-0: Called Strike
1-1: Swinging Strike
1-2: Strikes out swinging
Bottom of the 9th over - 0 runs, 1 hit, 0 errors, 1 left on base; Peoria 5 - Wisconsin 2
Tuesday, March 28th , 2023 - OOTP Baseball 23.10 Build 110